 Dungeon Crawl Stone Soup version 0.22.1-5-g62c59d9 (webtiles) character file.

72 infcreate the Conjurer (level 4, 24/24 HPs)
             Began as a Deep Elf Conjurer on Jan 12, 2019.
             Quit the game on level 2 of the Dungeon.
             The game lasted 00:08:33 (1884 turns).

infcreate the Conjurer (Deep Elf Conjurer)          Turns: 1884, Time: 00:08:34

Health: 24/24      AC:  2    Str:  5    XL:     4   Next: 7%
Magic:  11/11      EV: 13    Int: 21    God:
Gold:   75         SH:  0    Dex: 15    Spells: 3/10 levels left

rFire    . . .     SeeInvis .   (no weapon)
rCold    . . .     Gourm    .   (no shield)
rNeg     . . .     Faith    .   a - +0 robe
rPois    .         Spirit   .   (no helmet)
rElec    .         Reflect  .   (no cloak)
rCorr    .         Harm     .   (no gloves)
MR       .....                  (no boots)
Stlth    ++........             f - amulet of rage
HPRegen  0.08/turn              (no ring)
MPRegen  0.12/turn              (no ring)

@: no status effects
A: no striking features
a: Evoke Berserk Rage


You were on level 2 of the Dungeon.
You were hungry.

You visited 1 branch of the dungeon, and saw 2 of its levels.

You collected 75 gold pieces.

Inventory:

Armour
 a - a +0 robe (worn)
Jewellery
 d - an uncursed amulet of the acrobat
 f - an amulet of rage (around neck)
 j - an uncursed ring of protection from cold {unknown}
Scrolls
 g - a scroll of remove curse {unknown}
 h - a scroll of random uselessness {unknown}
 l - a scroll of teleportation {unknown}
Potions
 b - a potion of heal wounds {unknown}
 e - 2 potions of curing {unknown}
 i - 2 potions of lignification {unknown}
 k - a potion of magic {unknown}
Comestibles
 c - 3 rations


   Skills:
 + Level 2.5 Dodging
 + Level 2.7 Stealth
 + Level 3.6 Spellcasting
 + Level 5.7 Conjurations


You had 3 spell levels left.
You knew the following spells:

 Your Spells              Type           Power        Failure   Level  Hunger
a - Magic Dart            Conj           ####         1%          1    None
b - Searing Ray           Conj           ####..       1%          2    ##.....
c - Iskenderun's Mystic   Conj           ####....     12%         4    ####...

Your spell library contained the following spells:

 Spells                   Type           Power        Failure   Level  Hunger
 Dazzling Spray           Conj/Hex       ###...       12%         3    ###....
 Force Lance              Conj/Tloc      ###.....     36%         4    ####...
 Fulminant Prism          Conj/Hex       ###.......   36%         4    ####...


Dungeon Overview and Level Annotations

Branches:
Dungeon (2/15)

Altars:


Message History

Orders for allies: a - Attack new target. r - Retreat! s - Stop attacking. g - Guard the area. f - Follow me.
Anything else - Cancel.
Retreat in which direction?
Press: ? - help, Dir - move target cursor, f - you
Okay, then.
What are your orders? t - Shout!
Orders for allies: a - Attack new target. r - Retreat! s - Stop attacking. g - Guard the area. f - Follow me.
Anything else - Cancel.
Okay, then.
Okay, then.
i - 2 inky potions (gained 1) Put on which piece of jewellery? (? for menu, Esc to quit)
You remove your amulet of the acrobat.
f - an amulet of rage (around neck) Are you sure you want to abandon this character and quit the game? (Confirm

#.#
#.................#
######.#
#.############.#.##
.......# #.# #.#.#
#####..# #.# #.#.#
#..# #.# #.#.# #..#
#.# #.... #.>## #.#
##..#
#...###.#########
.## #
##.###......@...# #
### #..#######.# #
#..# #..#######
#.........
#......### #.####.#
#.# #.# # ######
#.###.. .#


There were no monsters in sight!

Vanquished Creatures
  A gnoll (D:1)
  2 adders (D:2)
  2 oozes
  A dart slug (D:1)
  A leopard gecko (D:1)
  2 bats
  3 giant cockroaches
  3 goblins (D:1)
  A hobgoblin (D:2)
  6 jackals (D:2)
  A ball python (D:1)
  3 frilled lizards
  4 kobolds
  4 rats
34 creatures vanquished.

Notes
Turn   | Place    | Note
-------+----------+-------------------------------------------
     0 | D:1      | infcreate the Deep Elf Conjurer began the quest for the
                  | Orb.
     0 | D:1      | Reached XP level 1. HP: 10/10 MP: 6/6
   299 | D:1      | Reached XP level 2. HP: 15/15 MP: 0/8
   471 | D:1      | Reached skill level 5 in Conjurations
   805 | D:1      | Reached XP level 3. HP: 19/19 MP: 2/9
  1110 | D:2      | Learned a level 2 spell: Searing Ray
  1589 | D:2      | Reached XP level 4. HP: 19/24 MP: 8/11
  1746 | D:2      | Learned a level 4 spell: Iskenderun's Mystic Blast
  1884 | D:2      | Quit the game

Skill      XL: |  1  2 |
---------------+-------+-----
Conjurations   | 5 |  5.7
Dodging        | |  2.5
Stealth        | |  2.7
Spellcasting   | |  3.6

Action                   |  1- 3 |  4- 6 || total
-------------------------+-------+-------++-------
 Cast: Magic Dart        |    69 |     1 ||    70
       Searing Ray       |     1 |       ||     1
  Use: Scroll            |     2 |       ||     2
  Eat: Chunk             |     2 |       ||     2
Dodge: Dodged            |    12 |       ||    12
